 Dungeon Crawl Stone Soup version 0.29-a0-994-gc5c9f59d18 (webtiles) character file.

Game seed: 17077167145117519580

1393 vurker the Cudgeller (level 8, 0/83 HPs)
             Began as an Ogre Enchanter on Aug 3, 2022.
             Was an Elder of Cheibriados.
             Slain by a gnoll sergeant
             ... wielding a +0 spear
              (11 damage)
             ... on level 6 of the Dungeon.
             The game lasted 00:08:01 (8848 turns).

vurker the Cudgeller (Ogre Enchanter)               Turns: 8848, Time: 00:08:02

Health: 0/83       AC: 10    Str: 24    XL:     8   Next: 68%
Magic:  11/11      EV: 13    Int: 25    God:    Cheibriados [****..]
Gold:   235        SH:  0    Dex: 24    Spells: 11/11 levels left

rFire   + . .      SeeInvis .   g - +1 short sword (protect)
rCold   + . .      Faith    .   (no shield)
rNeg    . . .      Spirit   .   k - +2 robe {rC+ rF+}
rPois   .          Reflect  .   (helmet restricted)
rElec   .          Harm     .   p - +0 cloak
rCorr   .          Rampage  .   (gloves unavailable)
Will    .....                   (boots unavailable)
Stlth   +++.......              (no amulet)
HPRegen 0.23/turn               i - +6 ring of dexterity
MPRegen 0.12/turn               o - +4 ring of protection

@: very slow
A: large, unfitting armour, tough skin 1
a: Renounce Religion, Bend Time, Temporal Distortion, Slouch


You were on level 6 of the Dungeon.
You worshipped Cheibriados.
Cheibriados was greatly pleased with you.
You visited 1 branch of the dungeon, and saw 6 of its levels.

You collected 235 gold pieces.

Inventory:

Hand Weapons
 g - a +1 short sword of protection (weapon)
   (You took it off a kobold on level 1 of the Dungeon)
Missiles
 m - a throwing net (quivered)
Armour
 k - a +2 robe of resistance (worn)
   (You took it off Jessica on level 3 of the Dungeon)
 p - a +0 cloak (worn)
   (You took it off Crazy Yiuf on level 4 of the Dungeon)
Jewellery
 i - a +6 ring of dexterity (left hand)
   (You found it on level 2 of the Dungeon)
 o - a +4 ring of protection (right hand)
   (You found it on level 4 of the Dungeon)
Wands
 t - a wand of flame (14)
   (You took it off Jessica on level 3 of the Dungeon)
Scrolls
 b - a scroll of magic mapping
 d - a scroll of identify
 h - a scroll of immolation
Potions
 a - a potion of mutation
 c - 2 potions of invisibility
 e - 5 potions of curing
 f - a potion of flight
 l - a potion of might {unknown}
 n - a potion of ambrosia
 q - 2 potions of lignification
 r - a potion of cancellation {unknown}


   Skills:
 + Level 5.8 Fighting
 - Level 0.8 Short Blades
 * Level 5.9 Maces & Flails
 + Level 4.5 Dodging
 - Level 2.1 Stealth
 - Level 2.4 Spellcasting
 - Level 2.6 Hexes
 + Level 4.7 Invocations


You had 11 spell levels left.
You didn't know any spells.
Your spell library contained the following spells:

 Spells                   Type           Power      Damage    Failure   Level
 Ensorcelled Hibernation  Hex/Ice        18%        N/A       10%         2
 Confusing Touch          Hex            16%        N/A       11%         3
 Tukima's Dance           Hex            16%        N/A       11%         3
 Dazzling Flash           Conj/Hex       18%        N/A       19%         3
 Iskenderun's Mystic Bla  Conj/Tloc      3%         2d3       71%         4
 Passage of Golubria      Tloc           3%         N/A       71%         4
 Yara's Violent Unravell  Hex/Tmut       4%         3d4       86%         5
 Starburst                Conj/Fire      1%         6d3       100%        6


Dungeon Overview and Level Annotations

Branches:
Dungeon (6/15)             Temple (0/1) D:6

Altars:
Cheibriados
Dithmenos
Makhleb
Nemelex Xobeh
Okawaru
Yredelemnul


Innate Abilities, Weirdness & Mutations

You are too large for most types of armour.
You have tough skin. (AC +1)


Message History

You flicker back into view.
You see here a +0 dagger.
There is an open door, spattered with blood here.
There's a creature in the doorway!
You closely miss the ufetubus. The ufetubus barely misses you. x2
The ufetubus closely misses you.
The ufetubus hits you but does no damage.
You closely miss the ufetubus. The ufetubus completely misses you.
The ufetubus hits you but does no damage.
The ufetubus barely misses you. The ufetubus misses you.
You miss the ufetubus. The ufetubus closely misses you.
The ufetubus hits you but does no damage.
You barely miss the ufetubus. The ufetubus barely misses you.
The ufetubus closely misses you.
The ufetubus hits you but does no damage.
The ufetubus misses you.
The gnoll shouts!
You hit the ufetubus but do no damage.
Your weapon exudes an aura of protection.
The ufetubus barely misses you. x2; The ufetubus misses you.
The ufetubus closely misses you. The gnoll sergeant closely misses you.
The ufetubus closely misses you. The ufetubus barely misses you.
The ufetubus hits you.
* * * LOW HITPOINT WARNING * * *
The ufetubus hits you but does no damage.
The gnoll sergeant hits you from afar with a +0 spear.
* * * LOW HITPOINT WARNING * * *
The ufetubus barely misses you. x2
The ufetubus hits you.
* * * LOW HITPOINT WARNING * * *
The ufetubus completely misses you.
The gnoll sergeant hits you from afar with a +0 spear!
* * * LOW HITPOINT WARNING * * *
The ufetubus attacks as you move away! The ufetubus closely misses you. x2
The ufetubus misses you. The ufetubus barely misses you.
The ufetubus hits you but does no damage. x2
Blink to where?
As you read the scroll of blinking, it crumbles to dust.
Things that are here:
a +0 rapier; a +1 leather armour of fire resistance The ufetubus barely misses you.
The ufetubus misses you.
You puncture the ufetubus!
Your weapon exudes an aura of protection.
You kill the ufetubus!
Cheibriados appreciates the change of pace.
The gnoll sergeant hits you but does no damage.
The gnoll sergeant hits you from afar with a +0 spear!
* * * LOW HITPOINT WARNING * * *
The gnoll sergeant hits you from afar with a +0 spear!
You die...

..#### #?....###+###.#
..# #......##.#...#
..############.##.#.###
.ยง.....# #.##.#.#
.......# #.##.#.#
.gg...## #g##.#.#
.g...## #.g#.#.####
....## ###.#.#....#
....# #...@.####.#
....# ###........#
....# #.........#
....## #.#[......#
.....##
#.#..#....#######
##....#
#...>...#.......#
##....# +
##...##########.#
#....# ..
#.#.##.........# #....#
... #.#....#########


You could see a gnoll sergeant and a gnoll.

Vanquished Creatures
  Eustachio (D:6)
  3 ice beasts
  2 centaurs
  2 phantoms
  2 scorpions (D:5)
  2 jellies
  Crazy Yiuf (D:4)
  A hound (D:5)
  4 iguanas
  Jessica (D:3)
  Natasha (thrice) (D:3)
  4 gnolls (D:4)
  10 adders
  3 ufetubi
  A worm (D:2)
  2 dart slugs (D:3)
  9 orcs
  3 bats
  7 endoplasms
  A giant cockroach (D:1)
  5 goblins
  2 hobgoblins
  4 jackals (D:5)
  5 quokkas
  9 ball pythons
  2 frilled lizards
  5 kobolds
  6 rats
100 creatures vanquished.

Notes
Turn   | Place    | Note
-------+----------+-------------------------------------------
     0 | D:1      | vurker the Ogre Enchanter began the quest for the Orb.
     0 | D:1      | Reached XP level 1. HP: 16/16 MP: 3/3
   584 | D:1      | Reached XP level 2. HP: 26/26 MP: 5/5
   588 | D:1      | Found a faded altar of an unknown god.
   676 | D:1      | Prayed at the altar of an unknown god.
   676 | D:1      | Became a worshipper of Cheibriados the Contemplative
   676 | D:1      | Reached * piety under Cheibriados
   717 | D:1      | Reached skill level 1 in Fighting
   717 | D:1      | Reached skill level 1 in Maces & Flails
  1334 | D:2      | Reached XP level 3. HP: 33/33 MP: 6/6
  1429 | D:2      | Reached ** piety under Cheibriados
  1610 | D:2      | Reached skill level 1 in Invocations
  2073 | D:2      | Reached XP level 4. HP: 37/42 MP: 7/7
  2559 | D:3      | Noticed Jessica
  2566 | D:3      | Killed Jessica
  2706 | D:3      | Found a shadowy altar of Dithmenos.
  3230 | D:3      | Noticed Natasha
  3251 | D:3      | Killed Natasha
  3252 | D:3      | Reached XP level 5. HP: 22/50 MP: 8/8
  3599 | D:3      | Noticed Natasha
  3646 | D:3      | Killed Natasha
  4018 | D:3      | Found a shadowy altar of Dithmenos.
  4438 | D:3      | Noticed Natasha
  4447 | D:3      | Killed Natasha
  5006 | D:4      | Found a runed translucent door.
  5007 | D:4      | Noticed Crazy Yiuf
  5046 | D:4      | Reached XP level 6. HP: 37/61 MP: 9/9
  5266 | D:4      | Reached *** piety under Cheibriados
  5790 | D:4      | Found a burning altar of Makhleb.
  5818 | D:4      | Found a basalt altar of Yredelemnul.
  5888 | D:4      | Found an iron altar of Okawaru.
  6163 | D:4      | Killed Crazy Yiuf
  6466 | D:5      | Entered Level 5 of the Dungeon
  6575 | D:5      | Reached XP level 7. HP: 56/68 MP: 10/10
  6905 | D:5      | Found a sparkling altar of Nemelex Xobeh.
  7725 | D:5      | Reached XP level 8. HP: 70/79 MP: 11/11
  7798 | D:6      | Found a staircase to the Ecumenical Temple.
  7808 | D:6      | Noticed Eustachio
  7879 | D:6      | Killed Eustachio
  7880 | D:6      | Reached skill level 5 in Fighting
  7880 | D:6      | Reached skill level 5 in Maces & Flails
  8066 | D:6      | Reached **** piety under Cheibriados
  8797 | D:6      | Noticed a wyvern
  8848 | D:6      | Slain by a gnoll sergeant

Illustrated notes

Levels and vault maps discovered:
D:1:      minmay_arrival_floating_metal, layout_basic,
          hellmonk_ecumenical_altar_blasted, amcnicky_mini_pool_small,
          nrook_mini_vaults, minmay_misc_feat_rugged
D:2:      layout_loops_corners, minmay_quadrilaterals
D:3:      layout_loops_corners, nicolae_dithmenos_shadow_blocks,
          minmay_misc_feat_room, uniq_natasha, uniq_jessica
D:4:      layout_loops_corners, lemuel_crystal_altar, yredelemnul_altar_generic,
          lemuel_coloured_pillars_altar, uniq_crazy_yiuf_cottage
D:5:      layout_loops_ring, mainiacjoe_overflow_boulevard, serial_rivers,
          chequers_serial_rivers_room_a, chequers_serial_rivers_large_b,
          chequers_serial_rivers_micro_c, chequers_serial_rivers_micro_d,
          wad_floor_pattern_untrapped
D:6:      hangedman_cross_stitches, layout_basic, lemuel_round_altar,
          temple_fountains, uniq_eustachio

Skill      XL: |  1  2  3  4  5  6  7  8 |
---------------+-------------------------+-----
Fighting       | 1 2 3 4 5 |  5.8
Maces & Flails | 1 2 3 4 5 |  5.9
Dodging        | 2 3 4 |  4.5
Invocations    | 1 2 3 4 |  4.7
Short Blades   | |  0.8
Stealth        | |  2.1
Spellcasting   | |  2.4
Hexes          | |  2.6

Action                   |  1- 3 |  4- 6 |  7- 9 || total
-------------------------+-------+-------+-------++-------
Melee: Short sword       |   114 |   215 |   374 ||   703
       Dagger            |    15 |       |       ||    15
       Punch             |       |     1 |     7 ||     8
Evoke: Wand              |       |       |     2 ||     2
  Use: Scroll            |     6 |     6 |     7 ||    19
       Potion            |       |     1 |     1 ||     2
 Stab: Sleeping          |     6 |     8 |     5 ||    19
       Invisible         |       |       |     2 ||     2
Armor: Robe              |    53 |    80 |   299 ||   432
Dodge: Dodged            |    53 |   103 |   450 ||   606

Table legend: (Time is in decaauts)
 A = Elapsed time spent in this place.
 B = Non-inter-level travel time spent in this place.
 C = Inter-level travel time spent in this place.
 D = Time resting spent in this place.
 E = Time spent auto-exploring this place.
 F = Levels seen in this place.
 G = Mean time per level.
                   A        B        C        D        E       F      G
               +--------+--------+--------+--------+--------+-----+--------+
         Total |  11427 |  11164 |    263 |      0 |   9595 |   6 | 1904.5 |
       Dungeon |  11427 |  11164 |    263 |      0 |   9595 |   6 | 1904.5 |
               +--------+--------+--------+--------+--------+-----+--------+

Top non-repeatable levels by time:
     D:3: 3027 daAuts
     D:4: 2273 daAuts
     D:5: 1798 daAuts
     D:2: 1592 daAuts
     D:1: 1529 daAuts
     D:6: 1207 daAuts
